 Dungeon Crawl Stone Soup version 0.30.1-11-g7821555f0a (webtiles) character file.

Game seed: 11440971538653036439

52 porpoise the Shooter (level 4, -6/34 HPs)
             Began as a Human Hunter on Jan 16, 2024.
             Mangled by a gnoll
             ... wielding a +0 halberd
              (10 damage)
             ... on level 2 of the Dungeon.
             The game lasted 00:02:04 (752 turns).

porpoise the Shooter (Human Hunter)                  Turns: 752, Time: 00:02:05

Health: -6/34      AC:  3    Str: 12    XL:     4   Next: 8%
Magic:  4/4        EV: 12    Int:  9    God:
Gold:   13         SH:  0    Dex: 24    Spells: 3/3 levels left

rFire   . . .        a - +0 shortbow
rCold   . . .        (shield currently unavailable)
rNeg    . . .        c - +0 leather armour
rPois   .            (no helmet)
rElec   .            (no cloak)
rCorr   .            (no gloves)
SInv    .            (no boots)
Will    .....        (no amulet)
Stlth   ++           d - +6 ring of dexterity
HPRegen 0.25/turn    (no ring)
MPRegen 0.09/turn

%: no passive effects
@: no status effects
A: no striking features
a: no special abilities


You were on level 2 of the Dungeon.
You visited 1 branch of the dungeon, and saw 2 of its levels.

You collected 13 gold pieces.

Inventory:

Hand Weapons
 a - a +0 shortbow (weapon)
 f - a +2 dagger of speed
Armour
 c - a +0 leather armour (worn)
Jewellery
 d - a +6 ring of dexterity (left hand)
Scrolls
 b - a scroll of immolation
 e - 2 scrolls of enchant weapon {unknown}
 g - 3 scrolls of teleportation {unknown}
 i - a scroll of acquirement {unknown}
 j - a scroll of vulnerability {unknown}
Potions
 h - a potion of lignification {unknown}
 k - a potion of brilliance {unknown}


   Skills:
 + Level 2.7 Fighting
 * Level 5.0 Ranged Weapons
 - Level 2.0 Dodging
 - Level 1.0 Stealth


You had 3 spell levels left.
You didn't know any spells.
Your spell library was empty.

Dungeon Overview and Level Annotations

Branches:
Dungeon (2/15)

Altars:

Annotations:
D:1 dig


Message History

Fire: a) +0 shortbow
Press: ? - help, Q - select action Shift-Dir - straight line, f/p - gnoll
Aim: a gnoll, wielding a +0 halberd (heavily wounded, 70% to hit)
You shoot an arrow. The arrow closely misses the gnoll.
The gnoll completely misses you.
Fire: a) +0 shortbow
Press: ? - help, Q - select action Shift-Dir - straight line, f/p - gnoll
Aim: a gnoll, wielding a +0 halberd (heavily wounded, 70% to hit)
You shoot an arrow.
The arrow hits the gnoll but does no damage.
The gnoll is heavily wounded.
The gnoll closely misses you.
Fire: a) +0 shortbow
Press: ? - help, Q - select action Shift-Dir - straight line, f/p - gnoll
Aim: a gnoll, wielding a +0 halberd (heavily wounded, 70% to hit)
You shoot an arrow. The arrow hits the gnoll.
The gnoll is heavily wounded.
The gnoll hits you but does no damage. The gnoll misses you.
Fire: a) +0 shortbow
Press: ? - help, Q - select action Shift-Dir - straight line, f/p - gnoll
Aim: a gnoll, wielding a +0 halberd (heavily wounded, 70% to hit)
You shoot an arrow. The arrow hits the gnoll.
The gnoll is severely wounded.
The gnoll hits you from afar with a +0 halberd.
Fire: a) +0 shortbow
Press: ? - help, Q - select action Shift-Dir - straight line, f/p - gnoll
Aim: a gnoll, wielding a +0 halberd (severely wounded, 70% to hit)
You shoot an arrow. The arrow barely misses the gnoll.
The gnoll hits you from afar with a +0 halberd!
* * * LOW HITPOINT WARNING * * *
Fire: a) +0 shortbow
Press: ? - help, Q - select action Shift-Dir - straight line, f/p - gnoll
Aim: a gnoll, wielding a +0 halberd (severely wounded, 70% to hit)
You shoot an arrow.
The arrow hits the gnoll but does no damage.
The gnoll is severely wounded.
The gnoll hits you from afar with a +0 halberd.
* * * LOW HITPOINT WARNING * * *
The gnoll hits you from afar with a +0 halberd!
You die...

##############
#.............
#...g.@.......
#.............
#.............
#.............
#.............
#.....>.......
#.............
+.........<...


You could see a gnoll.

Vanquished Creatures
  3 gnolls (D:1)
  An endoplasm (D:1)
  4 giant cockroaches (D:1)
  2 hobgoblins (D:1)
  2 quokkas (D:1)
  A frilled lizard (D:1)
  5 goblins (D:1)
  A kobold (D:1)
  4 rats (D:1)
23 creatures vanquished.

Notes
Turn   | Place    | Note
-------+----------+-------------------------------------------
     0 | D:1      | porpoise the Human Hunter began the quest for the Orb.
     0 | D:1      | Reached XP level 1. HP: 16/16 MP: 1/1
   102 | D:1      | Reached XP level 2. HP: 22/22 MP: 2/2
   424 | D:1      | Reached XP level 3. HP: 28/28 MP: 3/3
   667 | D:1      | Reached skill level 5 in Ranged Weapons
   667 | D:1      | Reached XP level 4. HP: 14/34 MP: 4/4
   752 | D:2      | Mangled by a gnoll

Illustrated notes

Levels and vault maps discovered:
D:1:      wander_arrival_fairy_ring, layout_basic, serial_glass,
          glass_columns_a, glass_columns_a, due_unseen_surprise,
          minmay_strange_pillars, item_on_display_a, item_on_display_a,
          reono_crystal_passage, minmay_worlds_worst_comb
D:2:      layout_basic, basic_altar, serial_shops,
          nicolae_shop_advertising_works [nicolae_subvault_shop_adworks],
          st_stairs_2, kennysheep_generic_room_5

Skill      XL: |  1  2  3 |
---------------+----------+-----
Ranged Weapons | 5 |  5.0
Fighting       | |  2.7
Dodging        | |  2.0
Stealth        | |  1.0

Action                     |  1- 3 |  4- 6 || total
---------------------------+-------+-------++-------
   Fire: Shortbow          |    43 |     7 ||    50
 Armour: Leather armour    |     5 |     1 ||     6
  Dodge: Dodged            |    13 |     3 ||    16
